 Dungeon Sprint DCSS version 0.21-a0-258-g4c0eb85 (webtiles) character file.

863 Kidiri the Basher (level 8, -2/75 HPs)
             Began as a Hill Orc Monk on Sept 6, 2017.
             Was a Priest of Wu Jian.
             Slain by a freezing wraith (14 damage)
             ... in the Dungeon (Sprint VII: "The Pits").
             The game lasted 00:05:11 (1115 turns).

Kidiri the Basher (Hill Orc Monk)                   Turns: 1115, Time: 00:05:12

Health: -2/75      AC:  3    Str: 14    XL:     8   Next: 3%
Magic:  8/8        EV: 17    Int: 10    God:    Wu Jian [***...]
Gold:   0          SH:  0    Dex: 15    Spells: 7/7 levels left

rFire    . . .     SeeInvis .   q - +0 whip
rCold    . . .     Gourm    .   (no shield)
rNeg     . . .     Faith    .   b - +0 leather armour
rPois    .         Spirit   .   (no helmet)
rElec    .         Reflect  .   (no cloak)
rCorr    .         Harm     .   (no gloves)
MR       .....     NoTele   +   (no boots)
Stlth    ++........             (no amulet)
HPRegen  0.22/turn              (no ring)
MPRegen  0.11/turn              (no ring)

@: exhausted, glowing, heavenly storm
A: no striking features
a: Renounce Religion


You were in the Dungeon.
You worshipped Wu Jian.
Wu Jian was most pleased with you.
You were not hungry.

You visited 1 branch

Inventory:

Hand Weapons
 a - a +1 flail of crushing
 q - a +0 whip (weapon)
Armour
 b - a +0 leather armour (worn)
Scrolls
 l - 3 scrolls of remove curse
 m - 5 scrolls of amnesia
 n - a scroll of summoning
Potions
 d - 6 potions of curing
 e - a potion of heal wounds
 f - a potion of haste
 g - 4 potions of magic
 h - 2 potions of berserk rage
 k - 2 potions of invisibility
Comestibles
 c - 8 bread rations
 i - 6 chunks of flesh
 o - 40 fruits
 p - 7 meat rations


   Skills:
 + Level 8.7 Fighting
 * Level 10.4 Maces & Flails
 + Level 6.9 Armour
 * Level 8.1 Dodging
 + Level 6.0 Stealth


You had 7 spell levels left.
You didn't know any spells.

Dungeon Overview and Level Annotations

Branches:
Dungeon (1/1)

Altars:
Ashenzari
Cheibriados
Dithmenos
Elyvilon
Fedhas
Gozag
Hepliaklqana
Kikubaaqudgha
Makhleb
Nemelex Xobeh
Okawaru
Qazlal
Ru
Sif Muna
Trog
Uskayaw
Vehumet
Wu Jian
Xom
Yredelemnul
Zin
The Shining One
Beogh
Jiyva
Lugonu


Message History

The adder zombie is almost destroyed.
You barely miss the adder zombie.
The adder zombie is almost destroyed.
You spin and attack the freezing wraith repeatedly.
You hit the freezing wraith.
The freezing wraith is lightly damaged.
You hit the freezing wraith.
The freezing wraith is lightly damaged.
The adder zombie misses you. The freezing wraith hits you!
* * * LOW HITPOINT WARNING * * *
The freezing wraith freezes you!
* * * LOW HITPOINT WARNING * * *
The freezing wraith completely misses you.
Unknown command.
You feel much better. The adder zombie bites you.
* * * LOW HITPOINT WARNING * * *
The freezing wraith hits you!
* * * LOW HITPOINT WARNING * * *
The freezing wraith freezes you!
You die...

#.##+#.....##...<...#
#.#........##.......#
#.#...)....##.......#
#'###########.......#
#.).....#.[##########
#..###..#.######
#.......#.#§§§.#
##.###.##+#Z§§.#
#.......#§§@W§.+
#..###..#+#W§§.#
#.......'.#§§§.#
################


You could see a freezing wraith, a phantom and an adder zombie.

Vanquished Creatures
  A kobold demonologist (D)
  A warg (D)
  A floating eye (D)
  A black bear (D)
  A gnoll sergeant (D)
  A scorpion (D)
  A quasit (D)
  A gnoll shaman (D)
  An iguana (D)
  7 gnolls (D)
  An adder (D)
  An adder zombie (D)
  A leopard gecko (D)
  3 goblins (D)
  A hobgoblin (D)
  A ball python (D)
  A frilled lizard (D)
25 creatures vanquished.

Notes
Turn   | Place    | Note
-------+----------+-------------------------------------------
     0 | D        | Kidiri the Hill Orc Monk began the quest for the Orb.
     0 | D        | Reached XP level 1. HP: 19/19 MP: 1/1
    21 | D        | Reached skill level 4 in Maces & Flails
    21 | D        | Reached skill level 1 in Armour
    21 | D        | Reached XP level 2. HP: 11/27 MP: 2/2
    57 | D        | Found a bloodstained altar of Trog.
    57 | D        | Found a deep blue altar of Sif Muna.
    57 | D        | Found a viscous altar of Jiyva.
    57 | D        | Found a hazy altar of Hepliaklqana.
    57 | D        | Found an opulent altar of Gozag.
    58 | D        | Found a glowing golden altar of the Shining One.
    58 | D        | Found a glowing silver altar of Zin.
    58 | D        | Found a basalt altar of Yredelemnul.
    58 | D        | Found a shimmering altar of Xom.
    58 | D        | Found an ornate altar of the Wu Jian Council.
    58 | D        | Found a sacrificial altar of Ru.
    58 | D        | Found a stormy altar of Qazlal.
    58 | D        | Found an iron altar of Okawaru.
    58 | D        | Found a sparkling altar of Nemelex Xobeh.
    58 | D        | Found a burning altar of Makhleb.
    58 | D        | Found a blossoming altar of Fedhas.
    58 | D        | Found a white marble altar of Elyvilon.
    58 | D        | Found a shadowy altar of Dithmenos.
    58 | D        | Found a snail-covered altar of Cheibriados.
    60 | D        | Found a radiant altar of Vehumet.
    60 | D        | Found a corrupted altar of Lugonu.
    60 | D        | Found a roughly hewn altar of Beogh.
    61 | D        | Found a hide-covered altar of Uskayaw.
    61 | D        | Found an ancient bone altar of Kikubaaqudgha.
    61 | D        | Found a shattered altar of Ashenzari.
    67 | D        | Became a worshipper of the Wu Jian Council
    67 | D        | Reached * piety under Wu Jian
    67 | D        | Reached ** piety under Wu Jian
   236 | D        | Noticed a floating eye
   239 | D        | Paralysed by a floating eye for 2 turns
   245 | D        | Killed a floating eye
   245 | D        | Reached skill level 5 in Fighting
   245 | D        | Reached skill level 6 in Maces & Flails
   245 | D        | Reached XP level 3. HP: 36/36 MP: 3/3
   245 | D        | Reached XP level 4. HP: 42/42 MP: 4/4
   260 | D        | Reached *** piety under Wu Jian
   260 | D        | Reached XP level 5. HP: 42/48 MP: 5/5
   309 | D        | Reached skill level 7 in Maces & Flails
   309 | D        | Reached skill level 5 in Dodging
   520 | D        | Noticed a warg
   553 | D        | Killed a warg
   553 | D        | Reached **** piety under Wu Jian
   553 | D        | Reached skill level 8 in Maces & Flails
   553 | D        | Reached skill level 5 in Armour
   553 | D        | Reached XP level 6. HP: 55/58 MP: 6/6
   580 | D        | HP: 3/60 [gnoll/spear (6)]
   582 | D        | Reached skill level 5 in Stealth
   798 | D        | Reached skill level 9 in Maces & Flails
   805 | D        | Noticed a black bear
   806 | D        | Reached ***** piety under Wu Jian
   812 | D        | Killed a black bear
   812 | D        | Reached XP level 7. HP: 50/66 MP: 7/7
   923 | D        | Noticed a kobold demonologist
   924 | D        | Killed a kobold demonologist
   924 | D        | Reached skill level 10 in Maces & Flails
   952 | D        | Reached XP level 8. HP: 57/75 MP: 8/8
  1107 | D        | Noticed a freezing wraith
  1114 | D        | HP: 3/75 [freezing wraith (10)]
  1115 | D        | Slain by a freezing wraith

Vault maps used:
D:        pitsprint

Skill      XL: |  1  2  3  4  5  6  7  8 |
---------------+-------------------------+-----
Fighting       | 4 5 6 7 8 |  8.7
Maces & Flails | 4 6 8 9 10 | 10.4
Armour         | 1 3 5 6 |  6.9
Dodging        | 3 4 6 7 8 |  8.1
Stealth        | 2 3 4 5 6 |  6.0

Action                   |  1- 3 |  4- 6 |  7- 9 || total
-------------------------+-------+-------+-------++-------
Melee: Mace              |    14 |    18 |       ||    32
       Flail             |       |    34 |    17 ||    51
       Whip              |       |       |    10 ||    10
Invok: Serpent's Lash    |       |     2 |     3 ||     5
       Heavenly Storm    |       |       |     2 ||     2
  Use: Potion            |       |     5 |     1 ||     6
       Scroll            |       |     1 |       ||     1
 Stab: Sleeping          |     2 |     1 |     1 ||     4
  Eat: Chunk             |       |       |     1 ||     1
Armor: Robe              |     1 |     3 |       ||     4
       Leather armour    |       |       |     2 ||     2
Dodge: Dodged            |     3 |    40 |    10 ||    53

Table legend:
 A = Spawn XP
 B = Non-spawn XP
 C = Spawn XP percentage of total XP
 D = Spawn monster count
 E = Non-spawn monster count
 F = Spawn count percentage of total count
 G = Total turns spent on level
                    A         B        C        D         E        F      G
               +---------+---------+-------+---------+---------+-------+---------
         Total |       0 |    1234 |   0.0 |       0 |      25 |   0.0 |  1115
               +---------+---------+-------+---------+---------+-------+---------
             D |       0 |    1234 |   0.0 |       0 |      25 |   0.0 |  1115
               +---------+---------+-------+---------+---------+-------+---------
